 Dungeon Crawl Stone Soup version 0.18.1-48-g4cf74bf (webtiles) character file.

191 Joat the Ruffian (level 5, 28/28 HPs)
             Began as a Vine Stalker Berserker on Aug 6, 2016.
             Was a Believer of Trog.
             Quit the game on level 3 of the Dungeon.
             The game lasted 00:14:09 (2354 turns).

Joat the Ruffian (Vine Stalker Berserker)           Turns: 2354, Time: 00:14:09

Health: 28/28      AC: 10    Str: 19    XL:     5   Next: 70%
Magic:  6/6        EV:  8    Int: 10    God:    Trog [**....]
Gold:   134        SH:  0    Dex: 15    Spells: 0 memorised, 4 levels left

rFire  + . .     SeeInvis .     a - +0 dagger (elec)
rCold  . . .     Gourm    .     w - +0 chain mail
rNeg   . . .     Faith    .     (no shield)
rPois  .         Spirit   +     (no helmet)
rElec  .         Dismiss  .     r - +0 cloak
rCorr  .         Reflect  .     (no gloves)
SustAt .         Harm     .     (no boots)
MR     .....                    (no amulet)
Stlth  ..........               q - +3 ring of intelligence
                                h - ring of protection from fire

@: not resistant to hostile enchantments, extremely unstealthy
A: fangs 2, regeneration 1, magic shield, antimagic bite, no device heal 3, rot
immunity
a: Berserk, Trog's Hand, Burn Spellbooks, Renounce Religion


You were on level 3 of the Dungeon.
You worshipped Trog.
Trog was pleased with you.
You were not hungry.

You visited 1 branch of the dungeon, and saw 3 of its levels.

You collected 134 gold pieces.

Inventory:

Hand Weapons
 a - a +0 dagger of electrocution (weapon)
 e - a +0 dagger of venom
Missiles
 v - 8 curare-tipped needles
Armour
 r - a +0 cloak (worn)
 w - a +0 chain mail (worn)
Jewellery
 h - a ring of protection from fire (left hand)
 q - a +3 ring of intelligence (right hand)
Scrolls
 f - a scroll of teleportation {unknown}
 i - a scroll of blinking {unknown}
 k - a scroll of random uselessness {unknown}
 l - a scroll of recharging {unknown}
 m - 4 scrolls of amnesia {unknown}
 n - a scroll of noise {unknown}
Potions
 d - a potion of degeneration {unknown}
 o - a potion of brilliance {unknown}
 s - 2 potions of haste {unknown}
 t - a potion of curing {unknown}
 u - a potion of resistance {unknown}
Books
 p - a book of Beasts

   Spells                             Type                      Level
   a - Summon Butterflies             Summoning                    1
   b - Call Canine Familiar           Summoning                    3
   c - Summon Ice Beast               Ice/Summoning                4
   d - Summon Mana Viper              Hexes/Summoning              5
   e - Summon Hydra                   Summoning                    7
   Trog disapproves of the use of such an item.
Comestibles
 b - a bread ration
 c - 2 chunks of flesh
 g - a slice of pizza
 j - 3 meat rations


   Skills:
 + Level 3.3 Fighting
 + Level 2.5 Armour
 + Level 2.1 Dodging
 * Level 4.9 Unarmed Combat


You had 4 spell levels left.
You didn't know any spells.

Dungeon Overview and Level Annotations

Branches:
Dungeon (3/15)

Altars:
Qazlal
Yredelemnul
Zin


Innate Abilities, Weirdness & Mutations

You have extremely sharp teeth.
Your natural rate of healing is unusually fast.
When hurt, damage is shared between your health and your magic reserves.
Your bite disrupts and absorbs the magic of your enemies.
Potions and wands cannot restore your health.
You are immune to rotting.


Message History

Found 22 arrows.
You see here a quokka corpse.
You butcher the quokka corpse.
c - 3 chunks of flesh (gained 2)
You see here a glowing dagger.
a - a glowing dagger Wield which item (- for none, * to show all)? (? for menu, Esc to quit)
You hear the crackle of electricity.
a - a +0 dagger of electrocution (weapon)
j - 3 meat rations (gained 1)
Found 8 curare-tipped needles.
Found 24 bolts.
Some of the chunks of flesh in your inventory have rotted away.
You see here 8 curare-tipped needles.
v - 8 curare-tipped needles Saving game... please wait.
Welcome back, Joat the Vine Stalker Berserker.
Trog says: Kill them all!
Press ? for a list of commands and other information.
Are you sure you want to abandon this character and quit the game? (Confirm with "yes".)

#..... ..............
......####.......#####
.....(...(.....#####
..............+....
##..###.......#####
#.............#####
#.............'....
#.............#####
#.@...........#
#.............#
................#####
#.#####..###..........
# ######+###....######
.......##....#
#.....##....#
#.....####..##### ##
#####.............#


There were no monsters in sight!

Vanquished Creatures
  Natasha (thrice) (D:2)
  4 adders
  An ooze (D:2)
  2 worms (D:2)
  2 dart slugs
  2 giant geckos (D:3)
  11 bats
  3 giant cockroaches
  9 goblins
  9 hobgoblins
  3 jackals (D:1)
  5 kobolds
  2 quokkas
  2 giant newts (D:1)
  5 rats
63 creatures vanquished.

Notes
Turn   | Place    | Note
--------------------------------------------------------------
     0 | D:1      | Joat the Vine Stalker Berserker began the quest for the Orb.
     0 | D:1      | Reached XP level 1. HP: 11/11 MP: 2/2
   146 | D:1      | Reached XP level 2. HP: 10/16 MP: 3/3
   579 | D:1      | Reached ** piety under Trog
   579 | D:1      | Reached XP level 3. HP: 17/19 MP: 4/4
  1067 | D:2      | Noticed Natasha
  1075 | D:2      | Killed Natasha
  1075 | D:2      | Reached skill level 4 in Unarmed Combat
  1075 | D:2      | Reached XP level 4. HP: 23/23 MP: 5/5
  1583 | D:2      | Found a basalt altar of Yredelemnul.
  1584 | D:2      | Found a glowing silver altar of Zin.
  1613 | D:2      | Noticed Natasha
  1629 | D:2      | Killed Natasha
  1629 | D:2      | Reached XP level 5. HP: 10/28 MP: 3/6
  1641 | D:2      | Found a stormy altar of Qazlal.
  1911 | D:2      | Noticed Natasha
  1915 | D:2      | Killed Natasha
  2354 | D:3      | Quit the game

Skill      XL: |  1  2  3  4 |
---------------+-------------+-----
Armour         | 2 |  2.5
Unarmed Combat | 4 |  4.9
Fighting       | 3 |  3.3
Dodging        | 2 |  2.1

Action                   |  1- 3 |  4- 6 || total
-------------------------+-------+-------++-------
Melee: Unarmed           |    12 |    12 ||    24
       Bite              |    19 |    33 ||    52
       Dagger            |    62 |    62 ||   124
       Punch             |     1 |     2 ||     3
Invok: Berserk           |     1 |     2 ||     3
       Trog's Hand       |       |     1 ||     1
 Stab: Sleeping          |     1 |       ||     1
  Eat: Chunk             |       |     8 ||     8
Armor: Animal skin       |    20 |    13 ||    33
       Ring mail         |       |     6 ||     6
Dodge: Dodged            |    75 |    41 ||   116
